 Dungeon Crawl Stone Soup version 0.28-a0-695-gff097466f2 (webtiles) character file.

Game seed: 2014773652068449591

161 BlueGoblin the Ducker (level 5, -4/32 HPs)
             Began as a Gargoyle Monk on Oct 22, 2021.
             Slain by an ice beast (14 damage)
             ... on level 4 of the Dungeon.
             The game lasted 00:05:27 (3673 turns).

BlueGoblin the Ducker (Gargoyle Monk)               Turns: 3673, Time: 00:05:27

Health: -4/32      AC: 10    Str: 15    XL:     5   Next: 42%
Magic:  5/5        EV: 15    Int: 10    God:
Gold:   133        SH:  8    Dex: 13    Spells: 4/4 levels left

rFire   . . .      SeeInvis .   a - +0 mace
rCold   . . .      Faith    .   k - +0 kite shield
rNeg    + . .      Spirit   .   b - +0 robe
rPois   ∞          Reflect  .   (no helmet)
rElec   +          Harm     .   (no cloak)
rCorr   .          Rampage  .   (no gloves)
Will    .....                   (no boots)
Stlth   ++........              (no amulet)
HPRegen 0.10/turn               f - +4 ring of protection
MPRegen 0.09/turn               c - +4 ring of evasion

@: no status effects
A: sickness immunity, AC +4, negative energy resistance 1, electricity
resistance, torment resistance 1, petrification resistance
a: no special abilities


You were on level 4 of the Dungeon.
You visited 1 branch of the dungeon, and saw 4 of its levels.

You collected 133 gold pieces.

Inventory:

Hand Weapons
 a - a +0 mace (weapon)
 l - a +2 dagger of venom
 m - a +2 dagger of freezing
Missiles
 i - 121 stones (quivered)
 s - 11 bolts
Armour
 b - a +0 robe (worn)
 k - a +0 kite shield (worn)
Jewellery
 c - a +4 ring of evasion (right hand)
 f - a +4 ring of protection (left hand)
Scrolls
 p - a scroll of blinking {unknown}
 r - a scroll of enchant weapon {unknown}
 t - a scroll of magic mapping {unknown}
Potions
 d - a potion of curing {unknown}
 e - a potion of berserk rage
 g - a potion of experience {unknown}
 h - 2 potions of flight {unknown}
 j - a potion of degeneration {unknown}
 n - a potion of lignification {unknown}
 o - a potion of heal wounds {unknown}
 q - 2 potions of attraction {unknown}


   Skills:
 - Level 3.2 Fighting
 - Level 3.0 Maces & Flails
 + Level 4.5 Dodging
 - Level 2.1 Stealth
 + Level 2.1 Shields


You had 4 spell levels left.
You didn't know any spells.
Your spell library contained the following spells:

 Spells                   Type           Power      Damage    Failure   Level
 Inner Flame              Hex/Fire       0%         N/A       99%         3
 Cause Fear               Hex            0%         N/A       100%        4
 Discord                  Hex            0%         N/A       100%        8


Dungeon Overview and Level Annotations

Branches:
Dungeon (4/15)
 Temple: D:4-7

Altars:
Gozag


Innate Abilities, Weirdness & Mutations

You are immune to sickness and miasma.
Your stone body is resilient. (AC +4)
You are immune to poison.
You resist negative energy. (rN+)
You are resistant to electric shocks. (rElec)
You are resistant to unholy torment.
You are immune to petrification.


Message History

You are frozen.
You thump the iguana!
You kill the iguana!
The endoplasm freezes you.
You are frozen.
Your Shields skill increases to level 2!
You sock the endoplasm!
You kill the endoplasm!
No target in view!
No target in view!
An ice beast comes into view.
An ice beast is nearby!
An ice beast is nearby!
You start resting.
An ice beast is nearby!
You barely miss the ice beast.
The ice beast hits you but does no damage.
You block the ice beast's attack.
You hit the ice beast.
The ice beast is lightly wounded.
The ice beast hits you. The ice beast freezes you!
You are too injured to fight recklessly!
You barely miss the ice beast.
The ice beast is lightly wounded.
You block the ice beast's attack.
The ice beast hits you but does no damage.
You sock the ice beast!
The ice beast is moderately wounded.
The ice beast hits you but does no damage.
You hit the ice beast.
The ice beast is heavily wounded.
The ice beast misses you. You block the ice beast's attack.
You hit the ice beast.
The ice beast is heavily wounded.
The ice beast hits you but does no damage.
You block the ice beast's attack.
You hit the ice beast.
The ice beast is severely wounded.
The ice beast hits you. The ice beast freezes you!
You die...

..# #. #.######## #<
####.#....... #.
.##########............
#.
..........#.##.#.......
#.
.......##.#.##.........
#.
......†........#.......
#)
Y##.#####.#.##.#.......
#. ##.#.@Y......... #.
...####.######## #.
###.....#############.
#.##.†..............
.##.##.##.#########
.##. #.##.# .. ..##.#
.#.#####.# #.#. #.#


You could see an ice beast.

Vanquished Creatures
  A howler monkey (D:4)
  An iguana (D:4)
  An orc wizard (D:3)
  An adder (D:2)
  4 worms
  3 dart slugs
  3 orcs (D:2)
  2 bats
  6 endoplasms
  A giant cockroach (D:2)
  2 goblins
  3 hobgoblins
  2 jackals (D:2)
  5 kobolds
  2 quokkas
  2 ball pythons (D:2)
  4 rats
43 creatures vanquished.

Notes
Turn   | Place    | Note
-------+----------+-------------------------------------------
     0 | D:1      | BlueGoblin the Gargoyle Monk began the quest for the Orb.
     0 | D:1      | Reached XP level 1. HP: 14/14 MP: 1/1
   263 | D:1      | Found a faded altar of an unknown god.
   277 | D:1      | Reached XP level 2. HP: 13/19 MP: 2/2
   487 | D:1      | Reached skill level 3 in Dodging
  1785 | D:2      | Reached XP level 3. HP: 19/23 MP: 3/3
  2156 | D:3      | Reached XP level 4. HP: 17/28 MP: 4/4
  2343 | D:3      | Found an opulent altar of Gozag.
  2405 | D:3      | Found a glowing drain.
  2488 | D:2      | Reached skill level 4 in Dodging
  2492 | D:2      | Reached skill level 1 in Shields
  3526 | D:4      | Reached XP level 5. HP: 31/32 MP: 5/5
  3561 | D:4      | Noticed an ice beast
  3673 | D:4      | Slain by an ice beast

Illustrated notes

Levels and vault maps discovered:
D:1:      minmay_arrival_pointy, layout_basic, serial_forest,
          infiniplex_forest_lined_corner, infiniplex_forest_pool,
          infiniplex_forest_end_3, infiniplex_forest_lined_2,
          infiniplex_forest_end_1, infiniplex_forest_lined_2,
          basic_ecumenical_altar, nrook_loot_triangle
D:2:      layout_basic, chequers_garden, minmay_misc_feat_doors,
          chequers_serial_rivers_marsh
D:3:      layout_basic, nicolae_gozag_seed_capital,
          cheibrodos_sewer_entry_sluice, kennysheep_cross_room, st_stairs_12
D:4:      layout_loops_cross, mainiacjoe_overflow_paths, lemuel_crystal_altar,
          serial_shops, shop_coins

Skill      XL: |  1  2  3  4  5 |
---------------+----------------+-----
Dodging        | 3 4 |  4.5
Shields        | 1 2 |  2.1
Fighting       | |  3.2
Maces & Flails | |  3.0
Stealth        | |  2.1

Action                   |  1- 3 |  4- 6 || total
-------------------------+-------+-------++-------
Melee: Mace              |    86 |    82 ||   168
Throw: Stone             |    12 |       ||    12
  Use: Scroll            |     3 |       ||     3
 Stab: Sleeping          |     3 |     1 ||     4
Armor: Robe              |    34 |    22 ||    56
Dodge: Dodged            |    46 |    57 ||   103
Block: Kite shield       |    21 |    42 ||    63

Table legend: (Time is in decaauts)
 A = Elapsed time spent in this place.
 B = Non-inter-level travel time spent in this place.
 C = Inter-level travel time spent in this place.
 D = Time resting spent in this place.
 E = Time spent auto-exploring this place.
 F = Levels seen in this place.
 G = Mean time per level.
                   A        B        C        D        E       F      G
               +--------+--------+--------+--------+--------+-----+--------+
         Total |   3769 |   3537 |    232 |    372 |   2569 |   4 |  942.2 |
       Dungeon |   3769 |   3537 |    232 |    372 |   2569 |   4 |  942.2 |
               +--------+--------+--------+--------+--------+-----+--------+

Top non-repeatable levels by time:
     D:1: 1502 daAuts
     D:3: 1122 daAuts
     D:2: 929 daAuts
     D:4: 215 daAuts
